Cogmind - Beta 15 @@@ ROGUE MODE // 2025.08.25 @ 13:44:13 Player: WitherScout Result: Destroyed by G-47 Trooper with Particle Gun Performance ------------- Evolutions (2) 1000 Regions Visited (4) 800 Robots Destroyed (49) 245 Value Destroyed (1728) 1728 Prototype IDs (0) 0 Alien Tech Used (0) 0 Bonus (0) 0 TOTAL SCORE: 3773 Bonus ------- None Cogmind --------- Core Integrity 0/550 Matter 290/300 Energy 160/160 System Corruption 1% Temperature Warm (181) Movement Treading (160) Location -8/Materials Parts ------- > --- POWER (1) -------- Light Nuclear Core > --- PROPULSION (4) --- Light Treads Light Treads Improved Treads > --- UTILITY (4) ------ Large Storage Unit Advanced Targeting Computer Hardened Medium Armor Plating Hardened Medium Armor Plating > --- WEAPON (2) ------- Minigun Hammer > --- INVENTORY (15) --- Ion Engine Light Nuclear Core Light Nuclear Core Light Nuclear Core Light Nuclear Core Aluminum Leg Improved Aluminum Leg Heat Sink Improved Heat Sink Light Armor Plating Light Armor Plating Peak State ------------ > --- POWER ------------ Light Nuclear Core > --- PROPULSION ------- Improved Carbon-fiber Leg Improved Carbon-fiber Leg Improved Carbon-fiber Leg Improved Carbon-fiber Leg > --- UTILITY ---------- Heat Sink Large Storage Unit Target Analyzer Light Armor Plating > --- WEAPON ----------- Beam Cannon Beam Cannon > --- INVENTORY -------- Ion Engine Heat Sink Target Analyzer Beam Cannon Beam Cannon Beam Cannon Beam Cannon Rocket Launcher [Rating: 28] Favorites ----------- Power Light Nuclear Core Engine Light Ion Engine Power Core Light Nuclear Core Propulsion Aluminum Leg Treads Light Treads Leg Aluminum Leg Wheel Armored Wheel Utility Large Storage Unit Device Heat Sink Storage Large Storage Unit Processor Target Analyzer Protection Light Armor Plating Weapon Beam Cannon Energy Gun Small Laser Energy Cannon Beam Cannon Ballistic Gun Minigun Launcher Rocket Launcher Impact Weapon Hammer Build | -11 -10 -10 -9 -8 ------- Run | Yrd Mat Min Mat Mat Slots Evolved 4 | . . . 2 2 Power . | . . . . . Propulsion 2 | . . . 2 . Utility 2 | . . . . 2 Weapon . | . . . . . Parts Attached 58 | 7 4 . 10 37 Power 7 | 2 . . 1 4 Engine 3 | 2 . . 1 . Core 4 | . . . . 4 Reactor . | . . . . . Propulsion 21 | 2 1 . 4 14 Treads 5 | . . . . 5 Leg 12 | 2 1 . . 9 Wheel 4 | . . . 4 . Hover . | . . . . . Flight . | . . . . . Utility 16 | 1 1 . 2 12 Device 4 | . . . 1 3 Storage 2 | 1 1 . . . Processor 4 | . . . 1 3 Hackware . | . . . . . Protection 6 | . . . . 6 Artifact . | . . . . . Weapon 14 | 2 2 . 3 7 Energy Gun 1 | 1 . . . . Energy Cannon 9 | . 2 . 3 4 Ballistic Gun 2 | 1 . . . 1 Ballistic Cannon . | . . . . . Launcher 1 | . . . . 1 Special Weapon . | . . . . . Impact Weapon 1 | . . . . 1 Slashing Weapon . | . . . . . Piercing Weapon . | . . . . . Special Melee Weapon . | . . . . . Unidentified Prototypes . | . . . . . Parts Lost 28 | . . . 4 24 Power 4 | . . . 2 2 Propulsion 9 | . . . . 9 Utility 6 | . . . . 6 Weapon 9 | . . . 2 7 Highest Loss Streak 10 | . . . 2 10 To Critical Strikes . | . . . . . Average Backups 10 | . 7 10 11 11 Power 2 | . 1 1 . 3 Propulsion . | . . 1 . . Utility 3 | . . 1 2 4 Weapon 4 | . 6 7 7 2 Tool/Special . | . . . . . Unused Backups 16 | . . . 4 12 Power 8 | . . . . 8 Propulsion 5 | . . . 4 1 Utility 3 | . . . . 3 Weapon . | . . . . . Tool/Special . | . . . . . Average Slot Usage (%) 89 | . 85 85 93 88 Engine 4 | . 14 14 9 . Core 5 | . . . . 8 Treads 6 | . . . . 9 Leg 17 | . 28 28 3 20 Wheel 8 | . . . 38 . Device 3 | . . . . 5 Storage 10 | . 14 14 11 9 Processor 7 | . . . 8 9 Protection 5 | . . . . 8 Energy Cannon 17 | . 26 28 22 13 Ballistic Gun 1 | . . . . 1 Peak Build Rating 28 | 6 7 7 15 28 Average Rating 17 | 4 6 7 13 22 On Entrance 6 | . 6 7 7 13 Naked Turns . | . . . . . Heaviest Build 46 | 13 31 31 30 46 Greatest Support 83 | 20 20 20 48 83 Greatest Overweight (x) 9 | 1 1 1 2 9 Average Overweight (x) . | . . 1 . . Largest Inventory Capacity 15 | 8 15 15 15 15 Average Capacity 14 | 7 13 15 15 15 Most Carried 15 | 1 10 11 15 15 Average Carried 10 | . 8 10 11 11 Final Capacity 15 | 8 15 15 15 15 Final Carried 11 | 1 10 11 11 11 Class Distribution -------------------- 76% | Mutant 23% | Scavenger-Mutant Dominant Class ---------------- Mutant | -10/Materials Mutant | -10/Mines Mutant | -9/Materials Mutant | -8/Materials Resources | -11 -10 -10 -9 -8 ----------- Run | Yrd Mat Min Mat Mat Matter Collected 978 | 185 125 . 152 516 Remotely . | . . . . . Salvage Created 2127 | . 369 . 576 1182 Parts 80 | . 11 . 27 42 Haulers Intercepted 1 | . . . . 1 Recyclers Shooed . | . . . . . Parts Field Recycled . | . . . . . Retrieved Matter . | . . . . . Parts Self-Destructed . | . . . . . Prevented . | . . . . . Kills | -11 -10 -10 -9 -8 ------- Run | Yrd Mat Min Mat Mat Combat Hostiles Destroyed 43 | . 4 . 15 24 Guns 1 | . . . . 1 Cannons 37 | . 4 . 14 19 AOE 2 | . . . . 2 Classes Destroyed 9 | . 2 . 3 4 Worker 2 | . . . . 2 Hauler 1 | . . . . 1 Recycler 3 | . 3 . . . Swarmer 5 | . . . 3 2 Grunt 27 | . 4 . 8 15 Brawler 1 | . . . . 1 Duelist 1 | . . . 1 . Sentry 8 | . . . 3 5 Hunter 1 | . . . . 1 Best Kill Streak 4 | . 3 . 4 4 Combat Bots Only 4 | . 2 . 4 4 Max Kills in Single Turn 1 | . 1 . 1 1 Gunslinging . | . . . . . Exploded 1 | . . . . 1 Melee . | . . . . . Uniques/NPCs Destroyed . | . . . . . Combat | -11 -10 -10 -9 -8 -------- Run | Yrd Mat Min Mat Mat Hostile Shots Fired 353 | . 27 . 63 263 Missed 74 | . 2 . 11 61 Hits 279 | . 25 . 52 202 Melee 8 | . . . . 8 Projectile 271 | . 25 . 52 194 AOE 1 | . . . . 1 Critical Strikes 15 | . . . 3 12 Damage Taken 4667 | . 338 . 921 3408 Core 983 | . 47 . 384 552 Absorbed by Shields . | . . . . . Core Remaining (%) 61 | 100 . 81 4 . Volleys Fired 149 | . 21 . 43 85 Largest 2 | . 2 . 2 2 Hottest 120 | . 120 . 120 120 Shots Fired 273 | . 42 . 82 149 Gun 13 | . . . . 13 Cannon 256 | . 42 . 82 132 Launcher 4 | . . . . 4 Special . | . . . . . Kinetic 13 | . . . . 13 Thermal 256 | . 42 . 82 132 Explosive 4 | . . . . 4 Electromagnetic . | . . . . . Robot Hit Streak 11 | . 5 . 11 10 Robot Miss Streak 5 | . 4 . 5 4 Penetration Max . | . . . . . Secondary Targets . | . . . . . Shots Hit Robots 197 | . 20 . 58 119 Core Hits 75 | . 8 1 19 47 Critical Kills 1 | . . . . 1 Critical Parts Destroyed 3 | . . . . 3 Critical Strikes 5 | . . . . 5 Meltdown 1 | . . . . 1 Smash 4 | . . . . 4 Melee Attacks 25 | . . . . 25 Impact 25 | . . . . 25 Slashing . | . . . . . Piercing . | . . . . . Sneak Attacks 1 | . . . . 1 Combat Hostiles . | . . . . . Follow-up Attacks . | . . . . . Damage Inflicted 4000 | . 368 18 1074 2540 Guns 154 | . . . . 154 Cannons 3065 | . 368 . 1066 1631 Explosions 282 | . . . . 282 Melee 473 | . . . . 473 Ramming 26 | . . 18 8 . Kinetic 154 | . . . . 154 Thermal 3065 | . 368 . 1066 1631 Explosive 282 | . . . . 282 Electromagnetic . | . . . . . Impact 473 | . . . . 473 Slashing . | . . . . . Piercing . | . . . . . Highest Corruption 1 | . . . . 1 Average Corruption 1 | . . . . 1 Corruption Purged . | . . . . . Corruption Blocked . | . . . . . Effects 5 | . . . . 5 Message Errors 1 | . . . . 1 Matter Fused 2 | . . . . 2 Heat Flow Errors 2 | . . . . 2 Overload Shots . | . . . . . Overflow Damage 127 | . 5 . 15 107 Projectiles 23 | . 5 . 15 3 Explosions 18 | . . . . 18 Melee 86 | . . . . 86 Knockbacks 1 | . . . . 1 Impact 1 | . . . . 1 Kinetic . | . . . . . Secondary . | . . . . . Self-Inflicted Damage 68 | . . . . 68 Shots 3 | . . . . 3 Rammed . | . . . . . Targets Rammed 5 | . . 4 1 . Kicked 5 | . . 4 1 . Crushed . | . . . . . Highest Temperature 715 | . 454 . 715 378 Average Temperature 167 | . 214 . 238 104 Received Heat Transfer 2289 | . 189 . 306 1794 Effects 27 | . 2 . 21 4 Shutdowns 2 | . . . 1 1 Energy Bleed 2 | . 1 . 1 . Interference 8 | . . . 7 1 Matter Decay 1 | . . . 1 . Short Circuit 6 | . 1 . 4 1 Damage (minor) 4 | . . . 3 1 Damage (core) 4 | . . . 4 . Siege Activations . | . . . . . Martial Activations . | . . . . . Shielding Activations . | . . . . . Robots Disrupted . | . . . . . Combat Hostiles . | . . . . . Robots Corrupted 1 | . . . . 1 Combat Hostiles 1 | . . . . 1 Parts Fried 4 | . . . . 4 Impact Corruptions 4 | . . . . 4 Robots Melted 2 | . . . 1 1 Combat Hostiles 2 | . . . 1 1 Parts Melted 13 | . 1 . 6 6 Heat Transferred 6475 | . 777 . 2257 3441 Parts Sabotaged . | . . . . . Parts Stolen . | . . . . . Parts Stripped . | . . . . . Power Chain Reactions . | . . . . . Alert | -11 -10 -10 -9 -8 ------- Run | Yrd Mat Min Mat Mat Maximum Alert Level . | . . . . . Low Security (%) 100 | 100 100 100 100 100 Level 1 . | . . . . . Level 2 . | . . . . . Level 3 . | . . . . . Level 4 . | . . . . . Level 5 . | . . . . . High Security . | . . . . . Max Security . | . . . . . Peak Influence 198 | . 62 14 198 84 Initial 73 | . . 14 . 73 Average 38 | . 18 4 63 36 Influence Increases 1183 | . 107 . 380 696 Destroy 0b10 Robot/C 860 | . 80 . 300 480 Destroy 0b10 Robot/NC 30 | . 15 . . 15 Destroy Leader 212 | . 10 . 80 122 Successful Hack 8 | . . . . 8 Destroy Structure 28 | . 2 . . 26 Partial Spotted 15 | . . . . 15 Lose Combat Pursuer 30 | . . . . 30 Influence Decreases 1153 | . 70 37 206 840 Entered New Map 124 | . . 23 . 101 Time Decay 721 | . 70 14 166 471 Lost Part 268 | . . . 40 228 Purge Threat 40 | . . . . 40 Squads Dispatched 5 | . . . 1 4 Investigation 3 | . . . . 3 Extermination . | . . . . . Reinforcement 2 | . . . 1 1 Assault . | . . . . . Garrison . | . . . . . Intercept . | . . . . . Searches Triggered . | . . . . . Construction Impeded . | . . . . . Haulers Reinforced . | . . . . . Active Scanning Responses . | . . . . . Cargo Convoy Interrupts . | . . . . . Stealth | -11 -10 -10 -9 -8 --------- Run | Yrd Mat Min Mat Mat Distress Signals 8 | . . . 1 7 Communications Jammed . | . . . . . Distress Signals . | . . . . . Times Spotted 72 | . 4 . 21 47 Peak Tracking Total 6 | . 2 . 5 6 Tactical Retreats 2 | . . . . 2 Traps | -11 -10 -10 -9 -8 ------- Run | Yrd Mat Min Mat Mat Traps Triggered 1 | . . . . 1 Indirectly . | . . . . . Trap Hack Attempts . | . . . . . Triggered . | . . . . . Disarmed . | . . . . . Reprogrammed . | . . . . . Reused . | . . . . . Traps Extracted . | . . . . . Installed . | . . . . . Triggered . | . . . . . Machines | -11 -10 -10 -9 -8 ---------- Run | Yrd Mat Min Mat Mat Machines Disabled . | . . . . . Max in Single Turn . | . . . . . Machines Repaired . | . . . . . Machines Dismantled . | . . . . . Machines Sabotaged . | . . . . . Overloaded Fab Kills . | . . . . . Hacking | -11 -10 -10 -9 -8 --------- Run | Yrd Mat Min Mat Mat Machines Accessed 6 | . . . . 6 Terminals 5 | . . . . 5 Fabricators . | . . . . . Repair Stations . | . . . . . Recycling Units . | . . . . . Scanalyzers 1 | . . . . 1 Garrison Access . | . . . . . Total Hacks 18 | . . . . 18 Successful 8 | . . . . 8 Failed 10 | . . . . 10 Catastrophic 3 | . . . . 3 Database Lockouts . | . . . . . Manual 11 | . . . . 11 Terminals 13 | . . . . 13 Fabricators . | . . . . . Repair Stations . | . . . . . Recycling Units . | . . . . . Scanalyzers 5 | . . . . 5 Garrison Access . | . . . . . Terminal Hacks 4 | . . . . 4 Alert Level 1 | . . . . 1 Unreport Threat 1 | . . . . 1 Locate Traps 1 | . . . . 1 Zone Layout 1 | . . . . 1 Fabricator Hacks . | . . . . . Repair Station Hacks . | . . . . . Recycling Unit Hacks . | . . . . . Scanalyzer 4 | . . . . 4 Insert Component 2 | . . . . 2 Analyze 2 | . . . . 2 Garrison Access Hacks . | . . . . . Unauthorized Hacks . | . . . . . Terminals . | . . . . . Fabricators . | . . . . . Repair Stations . | . . . . . Recycling Units . | . . . . . Scanalyzers . | . . . . . Garrison Access . | . . . . . Data Cores Recovered . | . . . . . Used . | . . . . . Hacking Detections 4 | . . . . 4 Full Trace Events 3 | . . . . 3 Feedback Events . | . . . . . Feedback Blocked . | . . . . . Robot Schematics Acquired . | . . . . . Robots Built . | . . . . . Authchips . | . . . . . Time . | . . . . . Total Robot Build Rating . | . . . . . Part Schematics Acquired 2 | . . . . 2 Parts Built . | . . . . . Authchips . | . . . . . Time . | . . . . . Total Part Build Rating . | . . . . . Parts Repaired . | . . . . . Time . | . . . . . Parts Recycled . | . . . . . Recycled Matter . | . . . . . Retrieved Matter . | . . . . . Retrieved Components . | . . . . . Parts Scanalyzed 2 | . . . . 2 Part Schematics Acquired 2 | . . . . 2 Parts Damaged . | . . . . . Bothacking | -11 -10 -10 -9 -8 ------------ Run | Yrd Mat Min Mat Mat Used RIF Installer . | . . . . . Robots Hacked . | . . . . . Non-combat . | . . . . . Combat . | . . . . . Robot Hacks Applied . | . . . . . Relay Couplers Released . | . . . . . Fabnet Peak Effective % . | . . . . . Robots Rewired . | . . . . . Allies Hacked . | . . . . . Hacks Repelled . | . . . . . Allies | -11 -10 -10 -9 -8 -------- Run | Yrd Mat Min Mat Mat Total Allies . | . . . . . Largest Group . | . . . . . Highest-Rated Group . | . . . . . Highest-Rated Ally . | . . . . . Total Orders . | . . . . . Ally Attacks . | . . . . . Total Damage . | . . . . . Kills . | . . . . . Allies Corrupted . | . . . . . Allies Melted . | . . . . . Intel | -11 -10 -10 -9 -8 ------- Run | Yrd Mat Min Mat Mat Active Infowar (turns) . | . . . . . Robot Analysis Total . | . . . . . Derelict Logs Recovered . | . . . . . Drone Launches . | . . . . . Drone Recoveries . | . . . . . Exploration | -11 -10 -10 -9 -8 ------------- Run | Yrd Mat Min Mat Mat Turns Passed 2571 | 61 284 81 530 1615 Spaces Moved 1212 | 41 119 39 327 686 Core 5 | 3 . . . 2 Treads 215 | . . . . 215 Legs 671 | 38 119 39 33 442 Wheels 321 | . . . 294 27 Hover . | . . . . . Flight . | . . . . . Fastest Speed 50 | 50 120 190 90 105 Average Speed 131 | 124 166 190 93 141 Slowest Speed 500 | 190 190 190 120 500 Overloaded Moves . | . . . . . Propulsion Burnouts . | . . . . . Robots Hopped . | . . . . . Potential Cave-ins . | . . . . . Cave-ins Triggered . | . . . . . Exploration Rate (%) 26 | 3 32 9 32 58 Regions Visited 4 Branch Regions 1 Pre-discovered Areas . | . . . . . Known Exits Taken . | . . . . . Unknown Exits Taken 4 | 1 1 1 1 . Scrap Searched 1 | . . 1 . . Spaces Dug . | . . . . . Terrain Destroyed 23 | . . . . 23 Melee . | . . . . . Projectile . | . . . . . AOE 23 | . . . . 23 Terrain Rammed . | . . . . . Walls Destroyed . | . . . . . Machines Disabled . | . . . . . Actions | -11 -10 -10 -9 -8 --------- Run | Yrd Mat Min Mat Mat Total 1864 | 47 163 43 469 1142 Wait 333 | . 10 . 65 258 Move 1208 | 40 118 38 326 686 Hop . | . . . . . Pick Up 40 | . 7 1 11 21 Fast Attach 30 | 6 3 . 6 15 Attach 31 | . . . 5 26 Detach 7 | . 1 . . 6 Swap 10 | 1 1 . 1 7 Drop 26 | . 2 . 11 13 Fire 149 | . 21 . 43 85 Melee 25 | . . . . 25 Ram . | . . . . . Kick 5 | . . 4 1 . Crush . | . . . . . Escape Stasis . | . . . . . Rewire . | . . . . . Trap . | . . . . . Miscellaneous . | . . . . . Route ------- -11/Scrapyard -10/Materials -10/Mines -9/Materials -8/Materials History --------- Turn | Location | Event 34 | -11/Scrapyard | Discovered new exit (range 14) 62 | -11/Scrapyard | Entered Materials 306 | -10/Materials | Discovered new exit (range 14) 315 | -10/Materials | Build established: Mutant 346 | -10/Materials | Entered Mines 355 | -10/Mines | Received a Rocket Launcher from a helpful Derelict 403 | -10/Mines | Discovered new exit (range 13) 427 | -10/Mines | Entered Materials 427 | -9/Materials | Evolved 2 slots: Propulsion x2 905 | -9/Materials | Core integrity fell below 50% 910 | -9/Materials | Core integrity fell below 20% 949 | -9/Materials | Discovered new exit (range 8) 957 | -9/Materials | Entered another Materials area 957 | -8/Materials | Evolved 2 slots: Utility x2 1420 | -8/Materials | Lost 3 parts (1p1n1u) 1708 | -8/Materials | Build established: Scavenger-Mutant 1895 | -8/Materials | Lost 10 parts (1p4n2u3w) 1903 | -8/Materials | Core integrity fell below 50% 1966 | -8/Materials | Lost 4 parts (1n2u1w) 2512 | -8/Materials | Build established: Mutant 2540 | -8/Materials | Core integrity fell below 20% 2572 | -8/Materials | Destroyed by G-47 Trooper with Particle Gun Last Messages --------------- ALERT: Hostiles spotted, dispatching reinforcements to Terminal M003. System corrupted: Heat flow error (+136). Lgt. Treads destroyed. Beam Cannon destroyed. Critical hit (Burn: +37). G-47 Trooper destroyed. Overheating: System interference. Adv. Targeting Computer temporarily disabled. /UWW7LTX66H6SGOT1C7UL50 Acquired 45 matter. G-47 Trooper knocked back. Hvy. Armor Plating destroyed. Acquired 10 matter. Critical hit (Burn: +37). G-47 Trooper suffers critical hit (Smash). Destroyed Aluminum Leg. G-47 Trooper system corrupted by crushing effect. Critical hit (Burn: +37). Map ----- +----------------------------------------------------+ | | | | | | | | | | | | | | | | | | | | | | | | | | | | | | | | | | | | | | | | | ???????????????????????####??????????????????????? | | ???????????????????????#"""######????????????????? | | ???????????????????????#"R"##"""#????????????????? | | ?????????????????????###"g"##"Y"######???????????? | | ????????????????###### g #???????????? | | ?????????? [@= #???????????? | | ??????????? T "" #???????????? | | ?????????? "Y #???????????? | | ??????????? ####### "" #???????????? | | ?????????????????????# #???????????? | | ?????????????????????# #???????????? | | ?????????????????????# """ #???????????? | | ?????????????????????# """"" #???????????? | | ?????????????????????# """"" #???????????? | | ????????# #???# """"" #???????????? | | ????????#""" #???# """ ########+###? | | ????????#""" #???# | | ????????#""" #???# [ | | ????????# #???# | | ????????##########???# ##################### | | ###################### # T #???????????? | | + #???????????? | | +###################### # ! #???????????? | | #?????????#####+###+#########???????????? | | ! #?######### #??####?????????????? | | #?# # #??# ?????????????? | | #?# # #??# ?????????????? | | ########+#?# # #??# ?????????????? | | ####### ### """""#" """ #??# ?????????????? | | # """""#T """ #??# ?????????????? | +----------------------------------------------------+ Best States ------------- Heat Dissipation 53 Energy Generation 14 Energy Capacity 250 Matter Stores 300 Matter Capacity 300 Sight Range 16 Terrain Scan Density 10 Armor Coverage 600 Evasion (%) 55 Targeting Accuracy 8 Target Analysis 7 Recoil Reduction 4 Item Schematics ----------------- Arm. Wheel | -8/Materials | Scanalyzed Imp. Carbon-fiber Leg | -8/Materials | Scanalyzed Robot Schematics ------------------ None Fabricated ------------ Nothing Repaired ---------- Nothing Alien Tech Used ----------------- None Achievements -------------- None Challenges ------------ None Game ------ Seed LatentFieldSource Manual? 0 Play Time 00:31:04 Cumulative 21.2 hours Start 2025.08.25 @ 13:07:44 End 2025.08.25 @ 13:44:13 Sessions 1 Manual Loads 0 Difficulty Rogue Special Mode None Game No. 45 Rogue 45 Adventurer 0 Explorer 0 Win Type - Total 0 Types 0/0/0/0/0/0/0/0/0/0 Lore% 8 Gallery% 18 Achievement% 22 Wizard Run 0 Options --------- Layout 1 ASCII 1 Keyboard 0 Movement Numpad Keybinds 0 Fullscreen 1 Font 24/Cog Map View 50x35 Zoom Use 0% Tactical HUD 0 Map Filters NONE Filters NONE Steam 0 RUN: 818de3df-5c63-498d-93a3-43b0f5de7e18